 Dungeon Crawl Stone Soup version 0.23.2-33-g5129a83184 (webtiles) character file.

Game seed: 9993836898917723719

557 funkygono the Cudgeler (level 7, -6/61 HPs)
             Began as a Minotaur Fighter on July 20, 2019.
             Mangled by a gnoll
             ... wielding a +0 halberd
              (14 damage)
             ... on level 5 of the Dungeon.
             The game lasted 00:07:23 (3233 turns).

funkygono the Cudgeler (Minotaur Fighter)           Turns: 3233, Time: 00:07:24

Health: -6/61      AC:  9    Str: 22    XL:     7   Next: 9%
Magic:  6/6        EV:  6    Int:  5    God:
Gold:   352        SH: 10    Dex: 10    Spells: 3/6 levels left

rFire    + . .     SeeInvis .   a - +0 flail
rCold    x . .     Gourm    +   c - +0 shield
rNeg     . . .     Faith    .   o - +0 chain mail
rPois    .         Spirit   .   (helmet restricted)
rElec    .         Reflect  .   (no cloak)
rCorr    .         Harm     .   (no gloves)
MR       .....                  (no boots)
Stlth    ..........             j - amulet of the gourmand
HPRegen  0.20/turn              p - ring of fire
MPRegen  0.10/turn              (no ring)

@: no status effects
A: retaliatory headbutt, horns 2
a: no special abilities


You were on level 5 of the Dungeon.
You were completely stuffed.

You visited 1 branch of the dungeon, and saw 5 of its levels.

You collected 352 gold pieces.

Inventory:

Hand Weapons
 a - a +0 flail (weapon)
 k - a +0 hunting sling
Missiles
 e - 43 bolts
 g - 191 stones (quivered)
 h - 26 arrows
Armour
 c - a +0 shield (worn)
 o - a +0 chain mail (worn)
Jewellery
 j - an amulet of the gourmand (around neck)
 p - a ring of fire (left hand)
Scrolls
 i - 4 scrolls of remove curse
 l - a scroll of identify
 m - a scroll of amnesia
Potions
 d - a potion of might
 n - a potion of lignification {unknown}
Comestibles
 b - a chunk of flesh
 f - 7 rations


   Skills:
 + Level 5.0 Fighting
 + Level 6.1 Maces & Flails
 + Level 5.4 Armour
 + Level 1.6 Dodging
 + Level 0.1 Stealth
 + Level 5.2 Shields


You had 3 spell levels left.
You knew the following spells:

 Your Spells              Type           Power        Failure   Level  Hunger
a - Beastly Appendage     Tmut           #.....       100%        1    ##.....
b - Sticks to Snakes      Tmut           #.......     100%        2    ###....

Your spell library contained the following spells:

 Spells                   Type           Power        Failure   Level  Hunger
 Spider Form              Tmut/Pois      #.........   100%        3    ####...
 Ice Form                 Ice/Tmut       #.......     100%        4    #####..
 Blade Hands              Tmut           #.........   100%        5    ######.


Dungeon Overview and Level Annotations

Branches:
Dungeon (5/15)
 Temple: D:4-7

Altars:
Cheibriados
Dithmenos
Fedhas
Ru
Trog
Beogh


Innate Abilities, Weirdness & Mutations

You reflexively headbutt those who attack you in melee.
You have a pair of horns on your head.


Message History

The leopard gecko is almost dead.
You block the leopard gecko's attack.
The gnoll hits you from afar with a +0 halberd.
* * * LOW HITPOINT WARNING * * *
You block the leopard gecko's attack.
The leopard gecko bites you but does no damage.
You closely miss the leopard gecko. You headbutt the leopard gecko.
You kill the leopard gecko!
You block the quokka's attack.
You hit the quokka.
The quokka is heavily wounded.
You block the quokka's attack.
You hit the quokka.
You kill the quokka!
The gnoll hits you from afar with a +0 halberd!
* * * LOW HITPOINT WARNING * * *
Your magical contamination has completely faded away.
The crimson imp blinks!
The gnoll hits you from afar with a +0 halberd!
You die...

##...........#.##....###..)#)....
.......##....#.##.#.........####.
####'####....#..#.#.#.#.....#....
####....#....#....#......#..#.###
.....##.#....#.##.#.........#.#..
####.##.#..#.#....#..###.#.##.#.#
##.##.#.#..#....#...........#.#
###.......#..#....##..##....###.#
....####...##...@.###.##....# #.#
....# ##.....g...###..#....# #.#
##..### #...................# #.#
##...###...§.....####......# #.#
.g.#...†..........##.....#### #.#
.r###..#############.....#### #.#
8. #..# #...........# #.# 5 #..#
#...........# #.# 8 #..#
#...........# #.#


You could see a gnoll.

Vanquished Creatures
  An ogre (D:4)
  A howler monkey (D:4)
  3 orc priests
  2 hounds (D:4)
  2 orc wizards
  2 worker ants (D:4)
  4 gnolls (D:5)
  A howler monkey skeleton (D:5)
  5 adders
  A dart slug (D:2)
  2 worms
  7 leopard geckos
  14 orcs
  4 bats
  4 giant cockroaches
  7 hobgoblins
  2 quokkas
  2 frilled lizards
  5 goblins (D:2)
  13 kobolds
  3 rats
85 creatures vanquished.

Notes
Turn   | Place    | Note
-------+----------+-------------------------------------------
     0 | D:1      | funkygono the Minotaur Fighter began the quest for the Orb.
     0 | D:1      | Reached XP level 1. HP: 19/19 MP: 0/0
   235 | D:1      | Reached XP level 2. HP: 27/27 MP: 1/1
   702 | D:2      | Reached XP level 3. HP: 32/33 MP: 2/2
  1093 | D:2      | Reached skill level 3 in Maces & Flails
  1197 | D:3      | Reached XP level 4. HP: 22/41 MP: 3/3
  1382 | D:3      | Found a snail-covered altar of Cheibriados.
  1383 | D:3      | Found a blossoming altar of Fedhas.
  1387 | D:3      | Found a sacrificial altar of Ru.
  1415 | D:3      | Found a shadowy altar of Dithmenos.
  1421 | D:3      | Found a bloodstained altar of Trog.
  1488 | D:3      | Found a roughly hewn altar of Beogh.
  1514 | D:3      | Reached skill level 4 in Maces & Flails
  1514 | D:3      | Reached XP level 5. HP: 42/47 MP: 4/4
  1972 | D:4      | Noticed an ogre
  1979 | D:4      | Killed an ogre
  1979 | D:4      | Reached skill level 5 in Armour
  1979 | D:4      | Reached skill level 1 in Dodging
  1983 | D:4      | Reached skill level 5 in Maces & Flails
  1983 | D:4      | Reached XP level 6. HP: 36/53 MP: 5/5
  2254 | D:4      | Reached skill level 6 in Maces & Flails
  2268 | D:4      | Reached skill level 5 in Shields
  2696 | D:4      | Reached skill level 5 in Fighting
  2838 | D:5      | Entered Level 5 of the Dungeon
  2844 | D:5      | Learned a level 1 spell: Beastly Appendage
  2847 | D:5      | Learned a level 2 spell: Sticks to Snakes
  2887 | D:5      | Reached XP level 7. HP: 60/61 MP: 3/6
  3233 | D:5      | Mangled by a gnoll

Skill      XL: |  1  2  3  4  5  6 |
---------------+-------------------+-----
Fighting       | 4 5 |  5.0
Armour         | 4 5 |  5.4
Shields        | 4 5 |  5.2
Maces & Flails | 3 4 5 6 |  6.1
Dodging        | 1 |  1.6
Stealth        | |  0.1

Action                   |  1- 3 |  4- 6 |  7- 9 || total
-------------------------+-------+-------+-------++-------
Melee: Flail             |    87 |   118 |    20 ||   225
       Headbutt          |    20 |    18 |     4 ||    42
  Use: Scroll            |     4 |     2 |       ||     6
  Eat: Chunk             |    12 |     6 |     2 ||    20
Armor: Scale mail        |    29 |       |       ||    29
       Chain mail        |    21 |    52 |     8 ||    81
Dodge: Dodged            |    22 |    23 |     2 ||    47
Block: Shield            |    47 |    46 |    12 ||   105
